 Dungeon Crawl Stone Soup version 0.17-a0-725-gfa8c127 (webtiles) character file.

562024 namelastname112 the Sensei (level 25, -1/310 HPs)
             Began as a Mottled Draconian Monk on Apr 19, 2015.
             Was the Champion of Ru.
             Slain by a spectral golden dragon (2 damage)
             ... summoned by a greater mummy
             ... on level 10 of a ziggurat on Apr 20, 2015.
             The game lasted 04:12:19 (79736 turns).

namelastname112 the Sensei (DrMo)                  Turns: 79736, Time: 04:12:20

Health: -1/310     AC: 26    Str: 15    XL:     25
Magic:  41/42      EV: 27    Int: 15    God:    Ru [******]
Gold:   3975       SH: 16    Dex: 23    Spells: 6 memorised, 25 levels left

rFire  . . .     SeeInvis +       - Unarmed
rCold  . . .     Clarity  .     (armour unavailable)
rNeg   + . .     SustAb   .     j - +2 shield {reflect} (curse)
rPois  ∞         Gourm    .     B - +1 hat
rElec  +         Spirit   .     a - +0 cloak "Suizoapt" {rElec Regen+ Dex-4}
rCorr  .         Warding  .     (gloves currently unavailable)
rMut   .         Stasis   .     (boots currently unavailable)
MR     +....                    Q - amulet of Fusac {+Rage Str+2 Int+2 Dex+3 SInv} (curse)
Stlth  ++........               L - ring of Utaviot {+cTele Dex+4}
                                X - ring "Jytirora" {+Blink AC+4 SInv}

@: statue-form, no potions, drained, very slow, somewhat resistant to hostile
enchantments, unstealthy
A: (breathe sticky flame splash), unfitting armour, blurry vision 2, clumsy 1,
deterioration 2, robust 1, (shaggy fur 0), weak 1, no device heal 2,
cold-blooded, placid magic 1, inability to drink while threatened, inability to
use devices, hated by all, inexperienced 1, AC +12
a: End Transformation, Draw Out Power, Power Leap, Apocalypse, Renounce Religion
}: 3/15 runes: serpentine, barnacled, abyssal


You were on level 10 of a ziggurat.
You worshipped Ru.
Ru was exalted by your worship.
You were not hungry.
You were a stone statue.
You visited 9 branches of the dungeon, and saw 49 of its levels.
You visited the Abyss 3 times.
You visited 1 bazaar.
You visited 1 ziggurat, and saw 10 of its levels.
You also visited: Labyrinth, Ossuary and Volcano.

You collected 6575 gold pieces.
You spent 2600 gold pieces at shops.

Inventory:

Hand weapons
 A - the cursed +11 blowgun of Yxoar {evade, rPois}
   (You found it on level 5 of the Shoals)

   It affects your evasion (+5 to EV).
   It protects you from poison.
   It has a curse placed upon it.
Missiles
 d - 9 curare-tipped needles
Armour
 a - the +0 cloak "Suizoapt" (worn) {rElec Regen+ Dex-4}
   (You bought it in a shop on level 4 of the Orcish Mines)

   It affects your dexterity (-4).
   It insulates you from electricity.
   It increases your rate of regeneration.
 j - a cursed +2 shield of reflection (worn)
 B - a +1 hat (worn)
 F - a cursed +2 pair of boots of flying (melded)
 Z - a +2 pair of gloves of strength (melded)
Jewellery
 n - an uncursed ring of protection from fire
 D - the cursed ring of Ycina {Ice rElec rPois MP-9 Int+3}
   (You took it off a minotaur in a labyrinth)

   [ring of ice]

   It enhances your ice magic, and weakens your fire magic.
   It affects your intelligence (+3).
   It makes you vulnerable to fire.
   It protects you from cold.
   It insulates you from electricity.
   It protects you from poison.
   It affects your magic capacity (-9).
   It has a curse placed upon it.
 G - the ring "Tosipreu" {rF+ MR+ Stlth-}
   (You found it on level 4 of the Depths)

   [ring of loudness]

   It protects you from fire.
   It affects your resistance to hostile enchantments.
   It makes you less stealthy.
 L - the ring of Utaviot (right hand) {+cTele Dex+4}
   (You found it on level 5 of the Shoals)

   [ring of teleport control]

   It can be evoked for teleport control.
   It affects your dexterity (+4).
 Q - the cursed amulet of Fusac (around neck) {+Rage Str+2 Int+2 Dex+3 SInv}
   (You bought it in a shop on level 3 of the Shoals)

   [amulet of rage]

   It affects your strength (+2).
   It affects your intelligence (+2).
   It affects your dexterity (+3).
   It enhances your eyesight.
   It lets you go berserk.
   It has a curse placed upon it.
 U - the cursed ring of Mesohicot {+Blink rPois MP-9 Int+2 Stlth+}
   (You took it off a deep elf high priest on level 3 of the Elven Halls)

   [ring of poison resistance]

   It affects your intelligence (+2).
   It protects you from poison.
   It affects your magic capacity (-9).
   It lets you blink.
   It makes you more stealthy.
   It has a curse placed upon it.
 X - the ring "Jytirora" (left hand) {+Blink AC+4 SInv}
   (You took it off a deep elf death mage on level 3 of the Elven Halls)

   [ring of protection]

   It affects your AC (+4).
   It enhances your eyesight.
   It lets you blink.
Scrolls
 f - 12 scrolls of identify
 g - 25 scrolls of remove curse
 k - 7 scrolls of amnesia
 m - 4 scrolls of blinking
 w - 6 scrolls of teleportation
 y - 10 scrolls of enchant weapon
 H - 7 scrolls of fog
 K - 10 scrolls of fear
 M - 4 scrolls of holy word
 R - a scroll of brand weapon
 S - 3 scrolls of silence
 T - 4 scrolls of magic mapping
 V - 7 scrolls of enchant armour
Potions
 c - 10 potions of brilliance
 e - 4 potions of flight
 i - 3 potions of cancellation
 l - 3 potions of invisibility
 q - 3 potions of ambrosia
 r - 4 potions of lignification
 s - 8 potions of agility
 u - 8 potions of haste
 z - 9 potions of might
 C - 4 potions of resistance
 E - a potion of beneficial mutation
 J - 10 potions of curing
 N - 17 potions of heal wounds
 O - 3 potions of magic
 P - 5 potions of berserk rage
 Y - a potion of restore abilities
Books
 h - a book of the Dragon

   Spells                             Type                      Level
   a - Flight                         Charms/Air                   3
   b - Cause Fear                     Hexes                        4
   c - Bolt of Fire                   Conjuration/Fire             6
   d - Dragon Form                    Transmutation                7
   e - Dragon's Call                  Summoning                    9
 p - a book of Power

   Spells                             Type                      Level
   a - Fulminant Prism                Conjuration/Hexes            4
   b - Iskenderun's Mystic Blast      Conjuration                  4
   c - Venom Bolt                     Conjuration/Poison           5
   d - Bolt of Magma                  Conjuration/Fire/Earth       5
   e - Iron Shot                      Conjuration/Earth            6
   f - Orb of Destruction             Conjuration                  7
   g - Spellforged Servitor           Conjuration/Summoning        7
 t - a book of Burglary

   Spells                             Type                      Level
   a - Swiftness                      Charms/Air                   2
   b - Passwall                       Transmutation/Earth          3
   c - Passage of Golubria            Translocation                4
   d - Lee's Rapid Deconstruction     Earth                        5
   e - Invisibility                   Hexes                        6
   f - Darkness                       Hexes                        7
Comestibles
 b - 16 bread rations
 v - 5 royal jellies
 x - 38 fruits


   Skills:
 - Level 16.6(15.3) Fighting
 - Level 15.3(14.1) Dodging
 - Level 1.7(0.9) Stealth
 - Level 15.0(13.7) Shields
 + Level 24.8(23.3) Unarmed Combat
 + Level 15.8(14.6) Spellcasting
   Level 4.3(3.4) Charms
 + Level 20.1(18.7) Transmutations
 - Level 11.3(10.2) Earth Magic


You had 25 spell levels left.
You knew the following spells:

 Your Spells              Type           Power        Failure   Level  Hunger
a - Blade Hands           Trmt           #####.....   0%          5    ####...
b - Apportation           Tloc           #.........   4%          1    None
c - Hydra Form            Trmt           #####.....   1%          6    ######.
d - Statue Form           Trmt/Erth      #####....    1%          6    ######.
e - Dragon Form           Trmt           #####.....   1%          7    #######
f - Lee's Rapid Deconstr  Erth           ####......   1%          5    ####...


Dungeon Overview and Level Annotations

Branches:
Dungeon (15/15)            Temple (1/1) D:4            Lair (8/8) D:9
 Shoals (5/5) Lair:4        Snake (5/5) Lair:3        Slime (0/6) Lair:8
    Orc (4/4) D:12            Elf (3/3) Orc:3        Vaults (4/5) D:14
  Crypt (0/3) Vaults:3     Depths (4/5) D:15

Altars:
Ashenzari
Cheibriados
Dithmenos
Elyvilon
Fedhas
Gozag
Kikubaaqudgha
Makhleb
Nemelex Xobeh
Okawaru
Qazlal
Ru
Sif Muna
Trog
Vehumet
Xom
Yredelemnul
Zin
The Shining One
Jiyva

Shops:
D:5 =   D:14 *   Orc:3 ?   Orc:4 :(*[   Shoals:3 (*   Snake:3 %   Vaults:1 =

Portals:
Hell: Depths:1 Depths:2 Depths:3 Depths:4
Abyss: Depths:4
Pandemonium: Depths:2 Depths:3

Annotations:
Lair:8 exclusion: oklob plant
Elf:2 3 runed doors


Innate Abilities, Weirdness & Mutations

((You can spit globs of burning liquid.))
((You can ignite nearby creatures when you spit burning liquid.))
((Your weird mottled scales are hard (AC +12).))
Your body does not fit into most forms of armour.
You are weak. (Str -2)
You are cold-blooded and may be slowed by cold attacks.
You cannot drink potions while threatened.
You cannot study or use magical devices.
You are hated by all.
You are somewhat inexperienced (-2 XL).
Scrolls take you longer to read.
You are clumsy. (Dex -2)
Your body is deteriorating.
You are robust (+10% HP).
((You are covered in fur (AC +1).))
Potions and wands are poor at restoring your health.
Your spells are a little easier to cast, but a little less powerful.


Message History

As you read the scroll of fog, it crumbles to dust.
The scroll dissolves into smoke.
You cannot drink potions in your current state!
Read which item? (? for menu, Esc to quit)
Okay, then.
You cannot evoke magical items.
You feel less exhausted.
The death scarab is stunned by your will and fails to attack.
You block the death scarab's attack. The death scarab closely misses you.
The death scarab bites you!
* * * LOW HITPOINT WARNING * * *
You focus your will and blind the death scarab in retribution!
The death scarab waves its antennae.
The death scarab is stunned by your will and fails to attack.
The spriggan simulacrum hits you but does no damage.
You block the death scarab's attack.
The spectral golden dragon completely misses you.
You block the spectral golden dragon's attack.
The spectral golden dragon tramples you.
You die...

.........▓
▓.........▓▓▓▓▓▓
..#.......#..W..▓
.M........sZB§W.▓
.........§sW43..▓
M?...§...§§zMMzM.▓
??.......BZMZ.WZS▓


Z......§BBBzMBSBz▓ .......§8ZWZWWM.▓ ........§Z§WZ3b.▓ ..#.......#W.MW.▓
▓.........▓▓▓▓▓▓ ▓.........▓ .........▓ ........▓ ▓▓▓▓▓▓▓▓ You could see 2
emperor scorpions, a mummy priest, 2 shadow wraiths, a spectral golden dragon, a
hungry ghost, 5 death scarabs, 2 wights, a spriggan simulacrum, an elf zombie
and a spriggan zombie.

Vanquished Creatures
  Mennas (Vaults:2)
  An ancient lich (Abyss:3)
  A greater mummy (Zig:5)
  A profane servitor (Abyss:3)
  Nikola (Shoals:2)
  6 bone dragons
  Jorgrun (Shoals:3)
  Rupert (Lair:8)
  2 tentacled monstrosities
  A Hell Sentinel (Abyss:1)
  Asterion (Vaults:3)
  4 liches
  A quicksilver dragon (Zig:4)
  2 deep elf blademasters (Elf:3)
  A titan (Depths:4)
  2 krakens
  2 deep elf master archers (Elf:3)
  Polyphemus (Shoals:3)
  12 tentacled starspawn
  An octopode crusher (Depths:1)
  4 sphinxes
  An Executioner (Abyss:3)
  An eldritch tentacle (Depths:2)
  Frances (Elf:1)
  A thorn hunter (Zig:9)
  Kirke (Lair:6)
  4 tengu reavers
  A draconian monk (Abyss:1)
  A storm dragon (Depths:4)
  2 spectral weapons (Vaults:3)
  Roxanne (Elf:3)
  17 greater nagas
  Ilsuiw (Shoals:5)
  A revenant (Abyss:1)
  A daeva (Depths:1)
  11 vault wardens
  3 iron dragons
  2 orc warlords
  7 frost giants
  5 deep elf sorcerers
  Aizul (Snake:1)
  Louise (Snake:1)
  6 fire giants
  A curse skull (Zig:3)
  3 angels
  2 cacodemons (Abyss:1)
  A caustic shrike zombie (Zig:2)
  49 large abominations
  5 reapers
  10 ironheart preservers
  19 very ugly things
  3 spriggan defenders
  A caustic shrike skeleton (Zig:10)
  A draconian annihilator (Abyss:3)
  A war gargoyle (D:15)
  19 stone giants
  5 vampire knights
  An ophan (Abyss:3)
  5 deep elf demonologists (Elf:3)
  3 bennus
  A black draconian (Abyss:3)
  9 deep elf annihilators
  5 green deaths
  9 ettins
  9 deep elf death magi
  8 merfolk javelineers
  A minotaur (Lab)
  7 fire dragons
  5 deep elf high priests
  8 merfolk impalers
  2 blizzard demons
  A quicksilver dragon zombie (Zig:8)
  2 eidola
  13 yaktaur captains
  8 vault guards
  Josephine (Orc:1)
  2 jiangshi
  6 entropy weavers
  9 ice dragons
  2 great orbs of eyes
  29 naga warriors
  4 spriggan air magi
  4 ogre magi
  10 rakshasas
  A catoblepas (Shoals:3)
  10 hydras
  4 satyrs
  4 alligators (Zig:9)
  8 anacondas
  4 salamander stormcallers
  8 centaur warriors
  4 merfolk aquamancers
  5 merfolk avatars
  4 dancing weapons
  8 deep troll shamans
  7 shock serpents
  A hell beast (Depths:1)
  16 death yaks
  6 tengu warriors
  16 thrashing horrors
  16 naga sharpshooters
  9 deep troll earth magi
  2 spriggan berserkers
  27 small abominations
  8 orc high priests
  2 soul eaters
  2 sun demons (Abyss:3)
  5 hell knights (Vaults:4)
  2 fire crabs
  11 skeletal warriors
  14 wretched stars
  3 salamander mystics (Snake:5)
  20 deep elf knights
  9 spatial maelstroms
  5 iron trolls
  A swamp dragon (shapeshifter) (Vaults:2)
  11 ironbrand convokers
  2 death scarabs
  A storm dragon skeleton (Zig:8)
  13 sea snakes
  A swamp dragon (Zig:9)
  27 deep trolls
  6 naga ritualists
  A shambling mangrove (Zig:9)
  4 flayed ghosts
  6 giant orange brains
  A spriggan druid (Zig:9)
  A lindwurm (shapeshifter) (Depths:3)
  The ghost of wotan the Skirmisher, an experienced MiBe of Trog (D:9)
  5 unseen horrors
  Pikel (D:7)
  4 golden dragon skeletons
  11 deep elf summoners
  16 deep elf conjurers
  7 mana vipers
  9 hill giants
  2 lindwurms
  4 wizards
  4 hornets
  A shining eye (Abyss:3)
  17 orc knights
  4 wolf spiders
  An iron dragon zombie (Abyss:3)
  6 necromancers
  A fire giant zombie (Abyss:3)
  10 griffons
  An orb spider (Abyss:3)
  12 manticores
  A faun (shapeshifter) (Vaults:2)
  23 harpies
  A tengu skeleton (Vaults:3)
  66 ugly things
  16 salamanders
  13 fauns
  A frost giant zombie (Zig:10)
  A sphinx skeleton (Vaults:3)
  13 guardian serpents
  A hornet (shapeshifter) (Vaults:1)
  5 orc sorcerers
  A stone giant zombie (Depths:2)
  7 water nymphs
  A wolf spider (shapeshifter) (Vaults:2)
  4 worldbinders
  8 cyclopes
  22 naga magi
  A drowned soul (Shoals:3)
  6 oklob plants (Zig:8)
  27 black mambas
  14 elephants
  6 vault sentinels
  4 sixfirhies
  Joseph (D:9)
  A spriggan zombie (Depths:2)
  A fire giant skeleton (Zig:6)
  9 sirens
  A stone giant skeleton (Vaults:1)
  A queen ant (Lair:8)
  An apocalypse crab (Abyss:3)
  A black mamba (shapeshifter) (Depths:3)
  5 torpor snails (Lair:8)
  A gargoyle (D:12)
  A hellion (Zig:8)
  3 rust devils
  20 spiny frogs
  6 komodo dragons
  4 orange demons
  17 smoke demons
  A yaktaur zombie (Vaults:1)
  3 kobold demonologists
  42 yaktaurs
  A fire drake (shapeshifter) (Depths:3)
  3 demonic crawlers (Elf:3)
  A tormentor (Abyss:3)
  2 efreet
  2 elves (shapeshifter)
  3 guardian mummies (Zig:5)
  5 hellwings
  3 fire drakes
  6 red devils
  16 ancient zymes
  15 deep elf priests
  A giant leech (shapeshifter) (Depths:3)
  2 polar bears (shapeshifter)
  37 merfolk
  A silent spectre (Abyss:3)
  6 two-headed ogres
  3 wind drakes
  A queen bee (Abyss:3)
  7 trolls
  31 slime creatures
  4 giant leeches (Lair:8)
  23 raiju
  A hydra skeleton (Abyss:3)
  2 wind drakes (shapeshifter)
  2 tengu conjurers
  6 boulder beetles
  5 blink frogs
  3 fire vortices (Vaults:2)
  13 freezing wraiths
  6 flying skulls
  A bog body (Zig:9)
  5 snapping turtles
  2 ushabtiu
  10 ravens
  4 jumping spiders (Elf:3)
  An ettin skeleton (Abyss:1)
  18 redbacks
  A baby alligator (shapeshifter) (Vaults:3)
  A spriggan (Depths:3)
  2 vampires
  7 tarantellas
  A tarantella (shapeshifter) (Elf:2)
  4 air elementals
  3 shadows
  4 wyverns
  4 hogs (Lair:6)
  36 deep elf magi
  11 ynoxinuls
  10 wraiths
  A steam dragon (D:11)
  25 water elementals
  Eustachio (D:6)
  35 deep elf fighters
  A black mamba skeleton (Abyss:1)
  A fire elemental (Abyss:3)
  A fire bat (shapeshifter) (D:15)
  Grum (D:9)
  7 basilisks
  A fire bat (Abyss:1)
  11 hippogriffs
  24 spatial vortices
  5 hungry ghosts
  19 vampire mosquitoes
  74 yaks
  2 mottled dragons
  2 insubstantial wisps
  28 wolves
  19 neqoxecs
  An elf simulacrum (Depths:2)
  68 nagas
  8 chaos spawn
  5 soldier ants (Lair:8)
  Edmund (D:6)
  49 orc warriors
  5 wargs
  8 hell hounds (Abyss:3)
  A spiny frog zombie (Abyss:1)
  8 ice beasts
  18 porcupines
  35 water moccasins
  7 spiders (Lair:8)
  4 swamp drakes
  4 eyes of draining
  A phantom (D:13)
  30 ogres
  9 sky beasts
  4 slaves
  81 starcursed masses
  2 necrophages
  2 black bears
  A sky beast (shapeshifter) (Vaults:2)
  17 centaurs
  15 crocodiles
  7 wasps
  5 boggarts (Depths:1)
  An orc skeleton (Vaults:1)
  2 boring beetles (D:15)
  10 brain worms
  33 giant frogs
  7 big kobolds
  3 elf zombies
  2 scorpions
  A wyvern skeleton (D:9)
  A glowing shapeshifter simulacrum (Vaults:1)
  17 killer bees
  5 wights
  A goliath beetle (shapeshifter) (Vaults:3)
  2 human zombies
  30 orc priests
  3 centaur zombies
  3 jellies
  7 electric eels
  A human simulacrum (Vaults:3)
  2 lava snakes (Snake:1)
  2 giant frog zombies (D:5)
  2 hounds
  5 iron imps
  8 quasits
  9 crimson imps
  7 centaur skeletons
  12 iguanas
  13 hell rats
  A boulder beetle simulacrum (Vaults:1)
  27 worker ants
  42 orc wizards
  23 sheep
  2 hound skeletons
  8 mummies
  2 worker ant zombies
  3 gnolls
  14 adders
  73 river rats
  8 shadow imps
  3 white imps
  13 ufetubi
  5 adder zombies
  19 worms
  9 giant geckos
  237 orcs
  2 ball pythons
  A bat zombie (D:5)
  6 giant cockroaches
  19 hobgoblins
  21 jackals
  35 kobolds
  5 quokkas
  6 bats
  2 giant gecko skeletons
  A giant gecko zombie (D:6)
  6 giant newts
  15 goblins
  3 goblin zombies (Ossuary)
  7 hobgoblin zombies (Ossuary)
  3 jackal zombies (Ossuary)
  8 kobold zombies (Ossuary)
  A lurking horror (Abyss:3)
  9 orc zombies (Ossuary)
  20 rats
  A rat zombie (Ossuary)
  11 ballistomycetes
  6 crawling corpses
  10 fungi
  18 plants
  13 starspawn tentacles
  8 tentacles
3100 creatures vanquished.

Vanquished Creatures (others)
  Norris (Vaults:1)
  A profane servitor (Abyss:1)
  A tentacled starspawn (Abyss:3)
  A tengu reaver (Depths:3)
  A very ugly thing (Depths:1)
  A stone giant (Depths:4)
  A yaktaur captain (Vaults:4)
  2 hydras
  A deep troll shaman (Depths:2)
  A deep troll earth mage (Depths:4)
  A thrashing horror (Abyss:3)
  A tengu warrior (Depths:2)
  A naga sharpshooter (Snake:2)
  A shock serpent (Snake:5)
  2 unseen horrors (D:15)
  2 deep trolls (Vaults:1)
  A flayed ghost (Depths:2)
  An ironbrand convoker (Vaults:4)
  A faun (Shoals:4)
  2 hornets (Vaults:3)
  A mana viper (Snake:2)
  A manticore (Shoals:2)
  4 ugly things (Vaults:2)
  An elephant (Lair:6)
  A komodo dragon (D:13)
  5 yaktaurs
  An orange demon (Abyss:3)
  A deep elf priest (Elf:1)
  A merfolk (Shoals:5)
  A raiju (Abyss:3)
  A two-headed ogre (Depths:2)
  A boulder beetle (Zig:7)
  2 air elementals
  A yak (Lair:1)
  2 tarantellas (Elf:3)
  A deep elf fighter (Elf:1)
  2 ynoxinuls
  3 deep elf magi
  A vampire mosquito (Vaults:3)
  A naga (Snake:5)
  A large abomination (Abyss:3)
  An orc warrior (D:13)
  A black bear (D:9)
  2 ogres
  A boring beetle (Zig:7)
  A small abomination (Abyss:3)
  2 centaurs
  2 lost souls
  A brain worm (Abyss:1)
  2 giant frogs
  A starcursed mass (Abyss:3)
  A hell rat (Elf:1)
  An orc wizard (Orc:4)
  A sheep (Shoals:2)
  2 river rats
  A white imp (Abyss:3)
  4 orcs
  A goblin (D:5)
  2 kobolds
  4 giant spores
  A lurking horror (Abyss:1)
  A ballistomycete (Abyss:3)
  A bush (Lair:1)
  11 eldritch tentacle segments (Depths:2)
  5 fungi (Lair:8)
  14 plants
  15 starspawn tentacles
  221 starspawn tentacle segments
  8 tentacles
  216 tentacle segments
581 creatures vanquished.

Grand Total: 3681 creatures vanquished

Notes
Turn   | Place    | Note
--------------------------------------------------------------
     0 | D:1      | namelastname112, the Draconian Monk, began the quest for the Orb.
     0 | D:1      | Reached XP level 1. HP: 19/19 MP: 1/1
   132 | D:1      | Reached XP level 2. HP: 21/26 MP: 2/2
   735 | D:2      | Reached skill level 5 in Unarmed Combat
   735 | D:2      | Reached XP level 3. HP: 19/31 MP: 3/3
  1057 | D:2      | Reached XP level 4. HP: 23/38 MP: 4/4
  1512 | D:2      | Found a glowing golden altar of the Shining One.
  2025 | D:3      | Reached skill level 6 in Unarmed Combat
  2310 | D:3      | Found a white marble altar of Elyvilon.
  2761 | D:4      | Found a bloodstained altar of Trog.
  2791 | D:4      | Reached XP level 5. HP: 33/45 MP: 5/5
  2877 | D:4      | Found a blossoming altar of Fedhas.
  2877 | D:4      | Noticed a centaur
  3039 | D:4      | Found a sand-covered staircase.
  3045 | Ossuary  | Entered an ossuary
  3365 | Ossuary  | Reached skill level 7 in Unarmed Combat
  3427 | Ossuary  | Reached XP level 6. HP: 17/51 MP: 6/6
  3655 | Ossuary  | Reached skill level 8 in Unarmed Combat
  4088 | D:4      | Found a staircase to the Ecumenical Temple.
  4104 | Temple   | Entered the Ecumenical Temple
  4158 | Temple   | Became a worshipper of Ru the Awakened
  4171 | Temple   | Gained mutation: You are somewhat inexperienced (-2 XL). [Ru sacrifice]
  4171 | Temple   | Reached XP level 5. HP: 45/45 MP: 5/5
  4171 | Temple   | Reached XP level 4. HP: 38/38 MP: 4/4
  4171 | Temple   | Acquired Ru's first power
  4196 | D:4      | Noticed an ogre
  4455 | D:4      | Reached XP level 5. HP: 45/45 MP: 5/5
  4645 | D:4      | Killed an ogre
  5115 | D:4      | Killed a centaur
  5115 | D:4      | Reached skill level 9 in Unarmed Combat
  5115 | D:4      | Reached XP level 6. HP: 19/51 MP: 6/6
  5460 | D:5      | Entered Level 5 of the Dungeon
  5868 | D:5      | Your scales start taking on a weird mottled colour.
  5868 | D:5      | Reached XP level 7. HP: 50/57 MP: 7/7
  5995 | D:5      | Noticed a water moccasin
  6001 | D:5      | Killed a water moccasin
  6001 | D:5      | Reached skill level 10 in Unarmed Combat
  6208 | D:5      | Found Suschy's Jewellery Shop.
  6732 | D:6      | Reached skill level 11 in Unarmed Combat
  6732 | D:6      | Reached XP level 8. HP: 33/63 MP: 8/8
  6891 | D:6      | Found a stormy altar of Qazlal.
  6940 | D:6      | Gained mutation: You cannot study or use magical devices. [Ru sacrifice]
  6940 | D:6      | Acquired Ru's second power
  6940 | D:6      | Acquired Ru's third power
  6940 | D:6      | Acquired Ru's fourth power
  7019 | D:6      | Noticed Edmund
  7042 | D:6      | Killed Edmund
  7258 | D:6      | Found a deep blue altar of Sif Muna.
  7355 | D:6      | Noticed Eustachio
  7363 | D:6      | Killed Eustachio
  7363 | D:6      | Reached skill level 12 in Unarmed Combat
  7776 | D:7      | Noticed Pikel
  7975 | D:7      | Reached XP level 9. HP: 70/70 MP: 9/9
  8386 | D:7      | Reached skill level 13 in Unarmed Combat
  8783 | D:7      | Killed Pikel
  8924 | D:8      | Gained mutation: You are hated by all. [Ru sacrifice]
  8924 | D:8      | Acquired Ru's fifth power
  8940 | D:8      | Reached skill level 14 in Unarmed Combat
  9684 | D:8      | You fall through a shaft!
  9684 | D:9      | Noticed Grum
  9707 | D:9      | Killed Grum
  9707 | D:9      | Reached XP level 10. HP: 48/77 MP: 10/10
 10034 | D:9      | You fall through a shaft for 2 floors!
 10047 | D:10     | Entered Level 10 of the Dungeon
 10244 | D:10     | Noticed a hill giant
 10256 | D:10     | Killed a hill giant
 10256 | D:10     | Reached skill level 15 in Unarmed Combat
 10425 | D:10     | Noticed a hill giant
 10444 | D:10     | Killed a hill giant
 10778 | D:10     | Noticed a hill giant
 10787 | D:10     | Killed a hill giant
 10787 | D:10     | Reached skill level 16 in Unarmed Combat
 11338 | D:9      | Found a basalt altar of Yredelemnul.
 11341 | D:9      | Noticed Joseph
 11360 | D:9      | Killed Joseph
 11710 | D:9      | Found a staircase to the Lair.
 11713 | D:9      | Reached XP level 11. HP: 85/85 MP: 11/11
 11722 | D:9      | Noticed a death yak
 11839 | D:9      | Killed a death yak
 11839 | D:9      | Reached skill level 5 in Fighting
 12366 | D:9      | Found a radiant altar of Vehumet.
 12488 | D:9      | Noticed wotan's ghost (experienced MiBe)
 12696 | D:9      | Killed wotan's ghost
 13970 | D:11     | Noticed a manticore
 13982 | D:11     | Killed a manticore
 13982 | D:11     | Reached skill level 5 in Dodging
 14266 | Lair:1   | Entered Level 1 of the Lair of Beasts
 14269 | Lair:1   | Noticed an eight-headed hydra
 14334 | Lair:1   | Killed an eight-headed hydra
 14881 | Lair:1   | Noticed a five-headed hydra
 15122 | Lair:1   | Killed a five-headed hydra
 15230 | Lair:1   | Noticed a seven-headed hydra
 16308 | Lair:1   | Reached XP level 12. HP: 85/104 MP: 12/12
 16408 | Lair:1   | Killed a seven-headed hydra
 16990 | Lair:1   | Learned a level 5 spell: Blade Hands
 17636 | Lair:2   | Reached skill level 10 in Fighting
 18031 | Lair:2   | Noticed a six-headed hydra
 18039 | Lair:2   | Killed a six-headed hydra
 18801 | Lair:3   | Found a staircase to the Snake Pit.
 18811 | Lair:3   | Identified a scroll of acquirement
 19433 | Lair:4   | Reached skill level 10 in Dodging
 19665 | Lair:4   | Found a staircase to the Shoals.
 20385 | Lair:5   | Reached XP level 13. HP: 93/116 MP: 13/13
 20705 | Lair:5   | Reached skill level 1 in Spellcasting
 20705 | Lair:5   | Reached skill level 1 in Transmutations
 22095 | Lair:6   | Found a staircase to the Shoals.
 22315 | Lair:6   | Reached skill level 5 in Transmutations
 22618 | Lair:7   | Noticed Kirke
 22832 | Lair:6   | Reached skill level 5 in Spellcasting
 22832 | Lair:6   | Killed Kirke
 24329 | Lair:8   | Entered Level 8 of the Lair of Beasts
 24613 | Lair:8   | Noticed Rupert
 24635 | Lair:8   | Killed Rupert
 24635 | Lair:8   | Reached XP level 14. HP: 124/124 MP: 24/24
 24704 | Lair:8   | Found a staircase to the Slime Pits.
 24705 | Lair:8   | Found a viscous altar of Jiyva.
 25583 | Lair:8   | HP: 5/124 [elephant (20)]
 25977 | Lair:8   | Learned a level 1 spell: Apportation
 27358 | Lair:8   | Found a runed door.
 27807 | Lair:8   | Reached skill level 10 in Transmutations
 28524 | D:11     | Noticed a red ugly thing
 28532 | D:11     | Killed a red ugly thing
 28677 | D:11     | Noticed a hill giant
 28683 | D:11     | Killed a hill giant
 28718 | D:11     | Noticed a four-headed hydra
 28731 | D:11     | Killed a four-headed hydra
 29036 | D:11     | Noticed a hill giant
 29047 | D:11     | Killed a hill giant
 29337 | D:11     | Reached skill level 10 in Spellcasting
 29528 | D:11     | Noticed a purple ugly thing
 29535 | D:11     | Killed a purple ugly thing
 29676 | D:12     | Reached XP level 15. HP: 89/129 MP: 27/29
 29690 | D:12     | Found a staircase to the Orcish Mines.
 30045 | D:12     | Found a sparkling altar of Nemelex Xobeh.
 30432 | D:12     | Upgraded the game from 0.17-a0-701-gb6462b4 to 0.17-a0-702-gb3a3556
 30495 | Orc:1    | Entered Level 1 of the Orcish Mines
 30710 | Orc:2    | Noticed Josephine
 30726 | Orc:1    | Killed Josephine
 31758 | Orc:3    | Found Zycuiwn's Magic Scroll Shop.
 32281 | Orc:3    | Found a dark tunnel.
 32326 | Volcano  | Entered a volcano
 32909 | Orc:3    | Found a staircase to the Elven Halls.
 32950 | Orc:4    | Entered Level 4 of the Orcish Mines
 34172 | Orc:4    | Found Zekkam's Antique Armour Shop.
 34173 | Orc:4    | Found Ummym's Antique Weapon Shop.
 34176 | Orc:4    | Found Daiwagiri's General Store.
 34176 | Orc:4    | Found Penogeq's Book Boutique.
 34212 | Orc:4    | Bought an encrusted cloak for 237 gold pieces
 34223 | Orc:4    | Identified the cursed +0 cloak "Suizoapt" {rElec Regen+ Dex-4} (You bought it in a shop on level 4 of the Orcish Mines)
 34233 | Orc:4    | Bought a book of Transfigurations for 990 gold pieces
 34240 | Orc:4    | Learned a level 6 spell: Hydra Form
 34247 | Orc:4    | Learned a level 6 spell: Statue Form
 35021 | D:13     | Gained mutation: You cannot drink potions while threatened. [Ru sacrifice]
 35209 | D:13     | Found a shadowy altar of Dithmenos.
 35643 | D:14     | Found a bloodstained altar of Trog.
 35781 | D:14     | Found a labyrinth entrance.
 35791 | Lab      | Entered a labyrinth
 36167 | Lab      | Got a wavering granite ring
 36182 | Lab      | Identified the ring of Ycina {Ice rElec rPois MP-9 Int+3} (You took it off a minotaur in a labyrinth)
 36461 | D:14     | Found a gate to the Vaults.
 36489 | D:14     | Reached XP level 16. HP: 137/137 MP: 16/32
 36911 | D:14     | Found Poxki's Assorted Antiques.
 37338 | D:15     | Entered Level 15 of the Dungeon
 37347 | D:15     | Reached skill level 1 in Shields
 37446 | D:14     | Gained mutation: You are weak. (Str -2) [Ru sacrifice]
 37962 | D:15     | Reached skill level 5 in Shields
 38829 | D:15     | Found a staircase to the Depths.
 40396 | Lair:1   | Upgraded the game from 0.17-a0-702-gb3a3556 to 0.17-a0-725-gfa8c127
 40489 | Snake:1  | Entered Level 1 of the Snake Pit
 40517 | Snake:1  | Noticed Louise
 40529 | Snake:1  | Killed Louise
 41016 | Snake:1  | Noticed Aizul
 41031 | Snake:1  | Killed Aizul
 41541 | Snake:2  | Reached skill level 10 in Shields
 42651 | Snake:3  | Reached XP level 17. HP: 128/144 MP: 29/33
 43186 | Snake:3  | Found a burning altar of Makhleb.
 43380 | Snake:3  | Found Hus Ockyehua's Food Emporium.
 43998 | Snake:4  | Found a blossoming altar of Fedhas.
 44355 | Snake:4  | Gained mutation: You are covered in fur (AC +1). [potion of beneficial mutation]
 44888 | Snake:5  | Entered Level 5 of the Snake Pit
 47726 | Snake:4  | Reached skill level 15 in Shields
 48597 | Snake:5  | Reached XP level 18. HP: 124/151 MP: 34/34
 49905 | Snake:5  | Reached skill level 1 in Earth Magic
 50540 | Snake:5  | Got a serpentine rune of Zot
 51138 | Snake:5  | Reached skill level 17 in Unarmed Combat
 51809 | Shoals:1 | Entered Level 1 of the Shoals
 52403 | Shoals:2 | Reached skill level 15 in Transmutations
 52711 | Shoals:2 | Reached skill level 5 in Earth Magic
 53265 | Shoals:3 | Noticed Polyphemus
 53277 | Shoals:3 | Killed Polyphemus
 53427 | Shoals:3 | Found Qacibom's Antique Weapon Shoppe.
 53481 | Shoals:3 | Noticed Jorgrun
 53506 | Shoals:3 | Killed Jorgrun
 53711 | Shoals:3 | Noticed Nikola
 53920 | Shoals:2 | Killed Nikola
 54043 | Shoals:3 | Reached XP level 19. HP: 137/157 MP: 30/35
 54139 | Shoals:3 | Found Yrryll's General Store.
 54148 | Shoals:3 | Bought the amulet of Fusac {+Rage Str+2 Int+2 Dex+3 SInv} for 1252 gold pieces
 55525 | Shoals:5 | Entered Level 5 of the Shoals
 55818 | Shoals:5 | Got a transparent blowgun
 55819 | Shoals:5 | Identified the +11 blowgun of Yxoar {evade, rPois} (You found it on level 5 of the Shoals)
 55854 | Shoals:5 | Reached skill level 18 in Unarmed Combat
 55976 | Shoals:5 | Got a barnacled rune of Zot
 55982 | Shoals:5 | Noticed Ilsuiw
 56004 | Shoals:5 | Killed Ilsuiw
 56257 | Shoals:5 | Got a bound pewter ring
 56258 | Shoals:5 | Identified the ring of Utaviot {+cTele Dex+4} (You found it on level 5 of the Shoals)
 56806 | Lair:1   | Learned a level 7 spell: Dragon Form
 56929 | Vaults:1 | Entered Level 1 of the Vaults
 57639 | Vaults:1 | Found Mias Tapt's Jewellery Emporium.
 57774 | Vaults:1 | Noticed Norris
 57786 | Vaults:1 | Killed Norris
 58538 | Vaults:2 | Reached XP level 20. HP: 147/165 MP: 30/36
 58784 | Vaults:2 | Reached skill level 10 in Earth Magic
 59358 | Vaults:2 | Noticed Mennas
 59717 | Vaults:2 | Killed Mennas
 59830 | Vaults:2 | Reached skill level 19 in Unarmed Combat
 60605 | Vaults:3 | Found a staircase to the Crypt.
 61648 | Vaults:3 | Noticed Asterion
 61667 | Vaults:3 | Killed Asterion
 62020 | Vaults:4 | Found a flickering gateway to a bazaar.
 62030 | Bazaar   | Entered a bazaar
 62030 | Bazaar   | Found Betacoes's Antique Weapon Shop.
 62042 | Bazaar   | Found Sochia's Distillery.
 62058 | Bazaar   | Found Wesh's Antique Armour Shop.
 62067 | Bazaar   | Bought a pair of runed boots for 121 gold pieces
 62662 | Vaults:4 | Reached XP level 21. HP: 123/173 MP: 33/37
 63559 | Vaults:3 | Reached skill level 20 in Unarmed Combat
 63861 | Elf:1    | Entered Level 1 of the Elven Halls
 64142 | Elf:1    | Noticed Frances
 64153 | Elf:1    | Killed Frances
 65110 | Elf:2    | Found a runed gate.
 65111 | Elf:2    | Found a runed gate.
 65111 | Elf:2    | Found a runed gate.
 65540 | Elf:3    | Entered Level 3 of the Elven Halls
 66667 | Elf:3    | Noticed Roxanne
 66682 | Elf:3    | Killed Roxanne
 67071 | Elf:3    | Reached XP level 22. HP: 189/189 MP: 38/38
 67105 | Elf:3    | Cast into the Abyss (a deep elf demonologist)
 67115 | Elf:3    | Escaped the Abyss
 67168 | Elf:3    | Got a heavily runed turquoise ring
 67500 | Elf:3    | Identified the ring "Jytirora" {+Blink AC+4 SInv} (You took it off a deep elf death mage on level 3 of the Elven Halls)
 67570 | Elf:3    | Got a polished cloak
 67582 | Elf:3    | Identified the +5 cloak "Ceken" {-Cast MR+ Str+4} (You acquired it on level 3 of the Elven Halls)
 67600 | Elf:3    | Identified Roxanne's Collected Works on Earth (You found it on level 3 of the Elven Halls)
 67604 | Elf:3    | Identified the Papyrus of Curses
 67681 | Elf:3    | Got a shimmering granite ring
 68024 | Depths:1 | Entered Level 1 of the Depths
 68156 | Depths:1 | Found a gateway to a ziggurat.
 68240 | Depths:1 | Paralysed by a vampire knight for 5 turns
 68499 | Depths:1 | Reached skill level 21 in Unarmed Combat
 69178 | Depths:1 | Found a gateway to Hell.
 69652 | Depths:2 | Reached skill level 15 in Fighting
 69707 | Depths:2 | Found a one-way gate leading to the halls of Pandemonium.
 70195 | Depths:2 | Cast into the Abyss (a wizard)
 70270 | Abyss:1  | Gained mutation: You are clumsy. (Dex -2) [a neqoxec]
 70361 | Abyss:1  | Gained mutation: Scrolls take you a little longer to read. [a cacodemon]
 70376 | Abyss:1  | Reached skill level 22 in Unarmed Combat
 70423 | Abyss:1  | Paralysed by accursed screaming for 1 turns
 70720 | Abyss:1  | Reached XP level 23. HP: 164/201 MP: 39/39
 70765 | Depths:2 | Escaped the Abyss
 70799 | Depths:2 | Cast into the Abyss (a wizard)
 70820 | Abyss:1  | Identified the ring of Mesohicot {+Blink rPois MP-9 Int+2 Stlth+} (You took it off a deep elf high priest on level 3 of the Elven Halls)
 71269 | Abyss:1  | Reached skill level 15 in Dodging
 71593 | Abyss:1  | Found a shimmering altar of Xom.
 71706 | Abyss:1  | Paralysed by accursed screaming for 2 turns
 71914 | Abyss:2  | Found a corrupted altar of Lugonu.
 72062 | Abyss:3  | Found a corrupted altar of Lugonu.
 72332 | Abyss:3  | Paralysed by accursed screaming for 1 turns
 72495 | Abyss:3  | Reached skill level 23 in Unarmed Combat
 73467 | Abyss:3  | Learned a level 5 spell: Lee's Rapid Deconstruction
 73539 | Abyss:3  | Found a corrupted altar of Lugonu.
 73685 | Abyss:3  | Gained mutation: Your body is slowly deteriorating. [a neqoxec]
 73805 | Abyss:3  | Found a corrupted altar of Lugonu.
 73946 | Abyss:3  | Gained mutation: Your spells are a little easier to cast, but a little less powerful. [a neqoxec]
 73946 | Abyss:3  | Paralysed by accursed screaming for 1 turns
 73948 | Abyss:3  | Gained mutation: Your body is deteriorating. [a neqoxec]
 73949 | Abyss:3  | Gained mutation: Potions and wands are less effective at restoring your health. [a neqoxec]
 73950 | Abyss:3  | Gained mutation: You are frail (-10% HP). [a neqoxec]
 73951 | Abyss:3  | Paralysed by accursed screaming for 1 turns
 73957 | Abyss:3  | Paralysed by accursed screaming for 2 turns
 74195 | Abyss:3  | Found a viscous altar of Jiyva.
 74229 | Abyss:3  | Found a viscous altar of Jiyva.
 74301 | Abyss:3  | Lost mutation: You are frail (-10% HP). [a neqoxec]
 74307 | Abyss:3  | Gained mutation: Scrolls take you longer to read. [a neqoxec]
 74412 | Abyss:3  | Reached XP level 24. HP: 189/212 MP: 40/40
 74417 | Abyss:3  | Paralysed by you for 7 turns
 74635 | Abyss:3  | Noticed an ancient lich
 74643 | Abyss:3  | Killed an ancient lich
 74743 | Abyss:3  | Gained mutation: You are robust (+10% HP). [a neqoxec]
 75100 | Abyss:3  | Gained mutation: Potions and wands are poor at restoring your health. [a neqoxec]
 75161 | Abyss:3  | Got an abyssal rune of Zot
 75304 | Depths:2 | Escaped the Abyss
 75935 | Depths:3 | Found a sparkling altar of Nemelex Xobeh.
 76613 | Depths:3 | Reached skill level 24 in Unarmed Combat
 77404 | Depths:4 | Found a one-way gate to the infinite horrors of the Abyss.
 77540 | Depths:4 | Got a heavily runed pewter ring
 77555 | Depths:4 | Identified the ring "Tosipreu" {rF+ MR+ Stlth-} (You found it on level 4 of the Depths)
 77826 | Depths:4 | Reached skill level 15 in Spellcasting
 78845 | Zig:1    | Entered Level 1 of a ziggurat
 78865 | Zig:2    | Entered Level 2 of a ziggurat
 78897 | Zig:3    | Entered Level 3 of a ziggurat
 78911 | Zig:3    | Reached XP level 25. HP: 224/239 MP: 39/42
 78996 | Zig:4    | Entered Level 4 of a ziggurat
 79110 | Zig:5    | Entered Level 5 of a ziggurat
 79276 | Zig:6    | Entered Level 6 of a ziggurat
 79364 | Zig:7    | Entered Level 7 of a ziggurat
 79450 | Zig:8    | Entered Level 8 of a ziggurat
 79547 | Zig:9    | Entered Level 9 of a ziggurat
 79686 | Zig:10   | Entered Level 10 of a ziggurat
 79735 | Zig:10   | HP: 15/310 [death scarab[a greater mummy] (18)]
 79736 | Zig:10   | HP: 1/310 [death scarab[a greater mummy] (15)]
 79736 | Zig:10   | Slain by a spectral golden dragon

Action                   |  1- 3 |  4- 6 |  7- 9 | 10-12 | 13-15 | 16-18 | 19-21 | 22-24 | 25-27 || total
-------------------------+-------+-------+-------+-------+-------+-------+-------+-------+-------++-------
Melee: Unarmed           |   103 |   403 |   337 |   838 |  1965 |  2310 |  1958 |  2622 |   213 || 10749
 Fire: Blowgun           |       |       |       |     1 |     8 |       |       |       |       ||     9
 Cast: Blade Hands       |       |       |       |       |    46 |    22 |       |       |       ||    68
       Hydra Form        |       |       |       |       |    12 |    43 |    22 |       |       ||    77
       Statue Form       |       |       |       |       |       |     7 |    51 |    75 |     7 ||   140
       Dragon Form       |       |       |       |       |       |       |     1 |       |       ||     1
       Lee's Rapid Decon |       |       |       |       |       |       |       |     5 |       ||     5
Invok: Sacrifice Experie |       |     1 |       |       |       |       |       |       |       ||     1
       Draw Out Power    |       |       |     2 |     3 |     1 |     2 |       |       |       ||     8
       Sacrifice Artific |       |       |     1 |       |       |       |       |       |       ||     1
       Sacrifice Love    |       |       |     1 |       |       |       |       |       |       ||     1
       Reject Sacrifices |       |       |       |     3 |       |       |       |       |       ||     3
       Apocalypse        |       |       |       |     3 |     6 |     2 |     6 |     2 |     4 ||    23
       Power Leap        |       |       |       |     3 |       |     1 |     1 |       |       ||     5
       Sacrifice Drink   |       |       |       |       |     1 |       |       |       |       ||     1
       Sacrifice Purity  |       |       |       |       |       |     1 |       |       |       ||     1
 Abil: Breathe Sticky Fl |       |       |    10 |    22 |     9 |     5 |       |       |       ||    46
  Use: Potion            |       |     4 |     1 |     4 |     2 |     2 |     3 |     2 |     2 ||    20
       Scroll            |       |       |    20 |     9 |    11 |    10 |     8 |    12 |     4 ||    74
 Stab: Sleeping          |     1 |     9 |    11 |     7 |    10 |     2 |     6 |     1 |       ||    47
       Invisible         |       |       |     4 |    10 |    31 |    91 |    27 |    25 |     6 ||   194
       Confused          |       |       |     2 |       |       |       |       |     2 |       ||     4
       Distracted        |       |       |     1 |     4 |    10 |    11 |    14 |    15 |     1 ||    56
       Paralysed         |       |       |     1 |     4 |    15 |    42 |    36 |    19 |     2 ||   119
       Petrified         |       |       |       |       |     1 |     1 |       |       |       ||     2
  Eat: Chunk             |       |    12 |    11 |    17 |    29 |     5 |     8 |    20 |       ||   102
       Fruit             |       |     1 |     1 |     3 |     1 |     6 |     2 |    10 |       ||    24
       Beef jerky        |       |     2 |     1 |       |     4 |     2 |     2 |     3 |       ||    14
       Meat ration       |       |       |       |     3 |     4 |     5 |     5 |     5 |     1 ||    23
       Bread ration      |       |       |       |     1 |       |     1 |       |     3 |       ||     5
       Royal jelly       |       |       |       |       |     2 |     1 |       |     2 |     1 ||     6
       Pizza             |       |       |       |       |       |     1 |     2 |     2 |     1 ||     6
